 Dungeon Crawl Stone Soup version 0.26-b1-32-g5d43845318 (webtiles) character file.

Game seed: 2201870475173480048

158 Borgoz the Slasher (level 5, -1/41 HPs)
             Began as a Ghoul Gladiator on Jan 13, 2021.
             Was an Initiate of Ashenzari.
             Slain by a scorpion (7 damage)
             ... on level 5 of the Dungeon.
             The game lasted 00:03:38 (3419 turns).

Borgoz the Slasher (Ghoul Gladiator)                Turns: 3419, Time: 00:03:39

Health: -1/41      AC:  5    Str: 18    XL:     5   Next: 39%
Magic:  4/4        EV: 13    Int:  3    God:    Ashenzari [......]
Gold:   72         SH:  0    Dex: 11    Spells: 4/4 levels left

rFire    . . .     SeeInvis .   a - +0 long sword
rCold    + . .     Faith    .   (no shield)
rNeg     + + +     Spirit   .   b - +0 leather armour
rPois    ∞         Reflect  .   c - +0 helmet
rElec    .         Harm     .   (no cloak)
rCorr    .         Rampage  .   (no gloves)
Will     .....                  k - +0 pair of boots
Stlth    +.........             (no amulet)
HPRegen  0.00/turn              (no ring)
MPRegen  0.09/turn              (no ring)

@: no status effects
A: claws 1, cold resistance 1, negative energy resistance 3, inhibited
regeneration, torment resistance, unbreathing
a: Renounce Religion, Curse Item


You were on level 5 of the Dungeon.
You worshipped Ashenzari.
Ashenzari was noncommittal.
You visited 2 branches of the dungeon, and saw 6 of its levels.

You collected 72 gold pieces.

Inventory:

Hand Weapons
 a - a +0 long sword (weapon)
Missiles
 d - 2 throwing nets (quivered)
Armour
 b - a +0 leather armour (worn)
 c - a +0 helmet (worn)
 k - a +0 pair of boots (worn)
Scrolls
 e - a scroll of teleportation
 f - a scroll of amnesia {unknown}
 g - 6 scrolls of identify {unknown}
 i - a scroll of enchant armour {unknown}
 l - a scroll of immolation {unknown}
 m - 3 scrolls of remove curse
Potions
 j - a potion of heal wounds {unknown}
 n - a potion of curing


   Skills:
 - Level 2.2 Fighting
 * Level 4.2 Long Blades
 - Level 1.7 Throwing
 + Level 1.9 Armour
 + Level 3.5 Dodging


You had 4 spell levels left.
You didn't know any spells.
Your spell library was empty.

Dungeon Overview and Level Annotations

Branches:
Dungeon (5/15)             Temple (1/1) D:4

Altars:
Ashenzari
Dithmenos
Elyvilon
Gozag
Hepliaklqana
Kikubaaqudgha
Ru
Sif Muna
Uskayaw
Vehumet
Wu Jian
Xom
Zin

Annotations:
D:3 1 runed translucent door, Crazy Yiuf, Grinder
D:4 Pikel


Innate Abilities, Weirdness & Mutations

You thrive by killing the living.
You are immune to poison.
You have sharp fingernails.
Your flesh is cold resistant. (rC+)
You are immune to negative energy. (rN+++)
You do not regenerate when monsters are visible.
You are immune to unholy pain and torment.
You can survive without breathing.


Message History

The scorpion is moderately wounded.
The scorpion closely misses you.
You riposte.
You barely miss the scorpion.
The scorpion is moderately wounded.
The scorpion stings you!
* * * LOW HITPOINT WARNING * * *
You barely miss the scorpion.
The scorpion is lightly wounded.
The scorpion misses you.
You hit the scorpion.
The scorpion is heavily wounded.
The scorpion closely misses you.
You hit the scorpion but do no damage.
The scorpion is heavily wounded.
The scorpion stings you.
* * * LOW HITPOINT WARNING * * *
Okay, then.
You hit the scorpion but do no damage.
The scorpion is heavily wounded.
The scorpion stings you!
You die...

.........# .
.........#######..
....#.#.s'........
....._...#........
....#.#..#........
.........#W...W...
....(....#B####...
..?......#s### ..
....$B...#@..# .
.........###.#
.........# ...
........). ###


You could see a phantom, a scorpion and a worker ant.

Vanquished Creatures
  A lemure (D:5)
  An orc priest (D:4)
  5 adders
  A worm (D:3)
  4 dart slugs
  4 leopard geckos
  4 orcs
  2 giant cockroaches
  5 goblins
  5 hobgoblins
  3 jackals
  5 kobolds
  3 quokkas
  2 ball pythons
  9 bats
  7 frilled lizards
  10 rats
71 creatures vanquished.

Notes
Turn   | Place    | Note
-------+----------+-------------------------------------------
     0 | D:1      | Borgoz the Ghoul Gladiator began the quest for the Orb.
     0 | D:1      | Reached XP level 1. HP: 17/17 MP: 0/0
   120 | D:1      | Reached XP level 2. HP: 24/24 MP: 1/1
   178 | D:1      | Reached skill level 3 in Long Blades
   614 | D:1      | Reached XP level 3. HP: 29/29 MP: 2/2
   882 | D:1      | Reached skill level 1 in Armour
  1330 | D:2      | Found an opulent altar of Gozag.
  1777 | D:3      | Noticed Grinder
  1955 | D:3      | Reached XP level 4. HP: 36/36 MP: 3/3
  2348 | D:3      | Found a runed translucent door.
  2349 | D:3      | Noticed Crazy Yiuf
  2384 | D:3      | Paralysed by Grinder for 3 turns
  2705 | D:3      | Found a hide-covered altar of Uskayaw.
  2784 | D:4      | Found a staircase to the Ecumenical Temple.
  2803 | D:4      | Reached skill level 4 in Long Blades
  2803 | D:4      | Reached XP level 5. HP: 23/41 MP: 4/4
  2813 | Temple   | Entered the Ecumenical Temple
  3071 | Temple   | Became a worshipper of Ashenzari the Shackled
  3144 | D:4      | Noticed a lemure
  3145 | D:4      | Noticed a lemure
  3146 | D:4      | Noticed Pikel
  3146 | D:4      | Noticed a lemure
  3156 | D:4      | Noticed a lemure
  3175 | D:5      | Entered Level 5 of the Dungeon
  3181 | D:5      | HP: 2/41 [lemure[Pikel] (8)]
  3189 | D:5      | Killed a lemure
  3388 | D:5      | Found an ornate altar of the Wu Jian Council.
  3389 | D:5      | Noticed a phantom
  3419 | D:5      | Slain by a scorpion

Illustrated notes

Levels and vault maps discovered:
D:1:      erik_arrival_orb_chamber, layout_loops_ring,
          chequers_serial_rivers_room_b, supply_closet_lemuel
D:2:      layout_loops_corners, old_standard_altar
D:3:      layout_rooms, dancing_weapons_uskayaw, lightli_temple_of_fire,
          nicolae_ru_sacrificial_ziggurat, uniq_crazy_yiuf_cottage, uniq_grinder
D:4:      layout_loops_ring, minmay_temple_entry_grid, uniq_pikel
D:5:      layout_basic, lemuel_crystal_altar
Temple:   cyrus_temple_forest

Skill      XL: |  1  2  3  4 |
---------------+-------------+-----
Long Blades    | 3 4 |  4.2
Dodging        | 3 |  3.5
Armour         | 1 |  1.9
Fighting       | |  2.2
Throwing       | |  1.7

Action                   |  1- 3 |  4- 6 || total
-------------------------+-------+-------++-------
Melee: Long sword        |   123 |   103 ||   226
Throw: Throwing net      |       |     4 ||     4
  Use: Scroll            |     1 |     2 ||     3
       Potion            |       |     4 ||     4
 Stab: Held in net/web   |       |     1 ||     1
Armor: Leather armour    |    64 |    26 ||    90
Dodge: Dodged            |   105 |    76 ||   181
       Rpst.: Long sword |    40 |    21 ||    61
